 Dungeon Crawl Stone Soup version 0.22-a0-414-gacd343e (webtiles) character file.

51647 theanonym the Eclecticist (level 14, -3/115 HPs)
             Began as a Mummy Summoner on May 12, 2018.
             Was a High Priest of Vehumet.
             Slain by a redback (11 damage)
             ... on level 3 of the Lair of Beasts on May 13, 2018.
             The game lasted 01:33:05 (38297 turns).

theanonym the Eclecticist (Mummy Summoner)         Turns: 38297, Time: 01:33:05

Health: -3/115     AC: 11    Str: 20    XL:     14   Next: 24%
Magic:  28/34      EV: 14    Int: 27    God:    Vehumet [*****.]
Gold:   942        SH:  0    Dex: 12    Spells: 0/45 levels left

rFire    . . .     SeeInvis .   a - staff of conjuration
rCold    + . .     Gourm    .   (no shield)
rNeg     + + +     Faith    .   l - +1 robe of the Gravedigger {Regen+ Str+4}
rPois    ∞         Spirit   .   q - +1 helmet
rElec    .         Reflect  .   o - +0 cloak {+Inv}
rCorr    +         Harm     .   x - +2 pair of gloves of Chill Winds {rF+}
MR       +....                  w - +0 pair of boots
Stlth    ++........             (no amulet)
HPRegen  0.69/turn              s - ring "Xeor" {Str+3 Int+9}
MPRegen  0.24/turn              d - ring of resist corrosion

@: about to teleport, very slightly contaminated
A: no food or potions, fire vulnerability, cold resistance 1, negative energy
resistance 3, torment resistance, unbreathing, in touch with death 1
a: Renounce Religion, Evoke Invisibility


Innate Abilities, Weirdness & Mutations

You do not eat or drink.
Your flesh is vulnerable to fire.
You are immune to poison.
Your flesh is cold resistant. (rC+)
You are immune to negative energy. (rN+++)
You are immune to unholy pain and torment.
You can survive without breathing.
You are in touch with the powers of death.


   Skills:
 - Level 12.1 Fighting
 - Level 5.0 Armour
 - Level 5.0 Dodging
 - Level 1.5 Stealth
 - Level 16.3 Spellcasting
 + Level 10.4 Conjurations
 - Level 4.7 Summonings
 - Level 2.1 Ice Magic
 - Level 5.0 Earth Magic
 * Level 1.5 Poison Magic


You couldn't memorise any spells.
You knew the following spells:

 Your Spells              Type           Power        Failure   Level  Hunger
a - Iskenderun's Mystic   Conj           #######.     1%          4    N/A
b - Poison Arrow          Conj/Pois      ######....   9%          6    N/A
c - Sticky Flame          Conj/Fire      ######..     1%          4    N/A
d - Summon Ice Beast      Ice/Summ       #####...     5%          4    N/A
e - Animate Skeleton      Necr           N/A          2%          1    N/A
f - Stone Arrow           Conj/Erth      ######       1%          3    N/A
g - Fire Storm            Conj/Fire      ######....   100%        9    N/A
h - Lehudib's Crystal Sp  Conj/Erth      #######...   80%         8    N/A
q - Apportation           Tloc           ###...       2%          1    N/A
z - Lee's Rapid Deconstr  Erth           #####.....   2%          5    N/A

Your spell library contained the following spells:

 Spells                   Type           Power        Failure   Level  Hunger
 Magic Dart               Conj           ####         1%          1    N/A
 Confuse                  Hex            ###.....     7%          3    N/A
 Mephitic Cloud           Conj/Pois/Air  ######..     1%          3    N/A
 Venom Bolt               Conj/Pois      ######....   1%          5    N/A
 Olgreb's Toxic Radiance  Pois           ####....     3%          4    N/A
 Summon Small Mammal      Summ           ####         1%          1    N/A
 Call Imp                 Summ           #####...     1%          2    N/A
 Sting                    Conj/Pois      ####         1%          1    N/A
 Statue Form              Tmut/Erth      #####....    77%         6    N/A
 Dragon Form              Tmut           ###.......   100%        7    N/A
 Glaciate                 Conj/Ice       ######....   100%        9    N/A
 Confusing Touch          Hex            ###...       2%          1    N/A
 Call Canine Familiar     Summ           #####...     1%          3    N/A
 Metabolic Englaciation   Hex/Ice        ####......   38%         5    N/A
 Chain Lightning          Conj/Air       ######....   98%         8    N/A
 Petrify                  Tmut/Erth      #####...     8%          4    N/A
 Fulminant Prism          Conj/Hex       ######....   1%          4    N/A
 Dazzling Spray           Conj/Hex       ######       1%          3    N/A
 Force Lance              Conj/Tloc      ######..     1%          4    N/A
 Searing Ray              Conj           ######       1%          2    N/A
 Summon Lightning Spire   Summ/Air       ####....     9%          4    N/A
 Summon Guardian Golem    Hex/Summ       ####....     2%          3    N/A
 Hydra Form               Tmut           ###.......   98%         6    N/A
 Irradiate                Conj/Tmut      ######....   2%          5    N/A
 Gell's Gravitas          Tloc           ###.......   7%          3    N/A
 Yara's Violent Unravell  Hex/Tmut       ###.......   17%         5    N/A
 Poisonous Vapours        Pois/Air       ####..       2%          2    N/A

Skill      XL: |  1  2  3  4  5  6  7  8  9 10 11 12 13 14 |
---------------+-------------------------------------------+-----
Spellcasting   | 3 4 6 8 11 13 14 16 | 16.3
Summonings     | 4 |  4.7
Ice Magic      | 1 2 |  2.1
Conjurations   | 1 3 5 7 9 10 | 10.4
Fighting       | 5 8 10 11 12 | 12.1
Earth Magic    | 2 4 5 |  5.0
Armour         | 1 5 |  5.0
Dodging        | 5 |  5.0
Poison Magic   | 1 |  1.5
Stealth        | |  1.5

Action                   |  1- 3 |  4- 6 |  7- 9 | 10-12 | 13-15 || total
-------------------------+-------+-------+-------+-------+-------++-------
Melee: Unarmed           |    11 |       |       |       |       ||    11
       Dagger            |   151 |   272 |   267 |   106 |    51 ||   847
       Staff             |       |       |       |     2 |    18 ||    20
 Cast: Summon Small Mamm |    13 |     4 |     1 |       |       ||    18
       Call Imp          |    23 |    71 |     7 |     1 |       ||   102
       Summon Ice Beast  |       |    11 |    16 |    12 |     7 ||    46
       Iskenderun's Myst |       |       |   128 |   197 |   281 ||   606
       Animate Skeleton  |       |       |     2 |    18 |    24 ||    44
       Stone Arrow       |       |       |       |   161 |    45 ||   206
       Lee's Rapid Decon |       |       |       |     2 |    30 ||    32
       Apportation       |       |       |       |     1 |       ||     1
       Sticky Flame      |       |       |       |       |     2 ||     2
       Poison Arrow      |       |       |       |       |     2 ||     2
Evoke: Wand              |       |       |    10 |     5 |     4 ||    19
       Box of beasts     |       |       |       |     1 |     2 ||     3
       Fan of gales      |       |       |       |       |     2 ||     2
  Use: Scroll            |       |     9 |     9 |     9 |    13 ||    40
 Stab: Sleeping          |     1 |     3 |       |       |       ||     4
       Distracted        |     1 |     3 |     1 |     1 |       ||     6
       Paralysed         |       |       |     6 |     2 |       ||     8
Armor: Robe              |    39 |     3 |       |       |    40 ||    82
       Leather armour    |       |    59 |   100 |    87 |    39 ||   285
Dodge: Dodged            |   140 |   150 |   197 |   117 |   157 ||   761

Inventory:

Hand Weapons
 b - a +4 dagger of freezing
   (You took it off an orc wizard on level 3 of the Dungeon)
Armour
 l - the +1 robe of the Gravedigger (worn) {Regen+ Str+4}
   (You found it in a labyrinth)

   It affects your strength (+4).
   It increases your rate of regeneration.
 o - a +0 cloak of invisibility (worn)
   (You found it on level 6 of the Lair of Beasts)
 q - a +1 helmet (worn)
   (You found it on level 9 of the Dungeon)
 w - a +0 pair of boots (worn)
   (You found it on level 4 of the Dungeon)
 x - the +2 pair of gloves of Chill Winds (worn) {rF+}
   (You found it on level 4 of the Lair of Beasts)

   It protects you from fire.
Magical Staves
 a - an uncursed staff of conjuration (weapon)
   (You acquired it on level 3 of the Lair of Beasts)
Jewellery
 d - a ring of resist corrosion (right hand)
   (You found it on level 4 of the Dungeon)
 k - an uncursed ring of wizardry
   (You found it on level 5 of the Dungeon)
 m - a +2 ring of protection
   (You took it off an orc on level 3 of the Dungeon)
 s - the ring "Xeor" (left hand) {Str+3 Int+9}
   (You found it on level 8 of the Dungeon)

   [ring of strength]

   It affects your strength (+3).
   It affects your intelligence (+9).
 v - an uncursed ring of flight
   (You took it off an orc on level 6 of the Dungeon)
Wands
 g - a wand of enslavement (8)
   (You took it off an orc on level 5 of the Dungeon)
 i - a wand of polymorph (9)
   (You found it on level 9 of the Dungeon)
 p - a wand of paralysis (10)
   (You found it on level 4 of the Dungeon)
 u - a wand of iceblast (16)
   (You found it on level 3 of the Lair of Beasts)
Scrolls
 c - 5 scrolls of enchant armour
 e - 3 scrolls of amnesia
 f - a scroll of fog
 j - 3 scrolls of immolation
 n - 6 scrolls of remove curse
 r - 4 scrolls of identify
 t - 5 scrolls of teleportation {!r}
Miscellaneous
 h - a fan of gales (inert)
   (You found it in a labyrinth)


You were on level 3 of the Lair of Beasts.
You worshipped Vehumet.
Vehumet was extremely pleased with you.
You were not hungry.

You visited 4 branches of the dungeon, and saw 18 of its levels.
You also visited: Labyrinth.

You collected 1304 gold pieces.
You spent 362 gold pieces at shops.

Dungeon Overview and Level Annotations

Branches:
Dungeon (10/15)            Temple (0/1) D:6            Lair (6/6) D:9
 Shoals (0/4) Lair:4       Spider (1/4) Lair:3        Slime (0/5) Lair:6
    Orc (1/2) D:9

Altars:
Ashenzari
Hepliaklqana
Makhleb
Okawaru
Vehumet
Yredelemnul
Zin

Shops:
D:6 %   D:8 ?

Annotations:
Orc:1 Patate's ghost, journeyman TrBe

#..##P#...#..#.###...^####......
##.......^.^..#...^..###.#P...PP
#..#P#....#..#^...#....##.P...#
##.#####..##...^...#..§#.#.....#
#...# #####.......#.#.###.....#
#P.## #^#..≈≈..##.#...#.### ##!#
##.≈≈≈≈§.###.....### ##..# ###
#..≈^s^≈..###.#.##
#...####.####.+s@.'.##.#....#
##.P.##....####s#s#.##......#####
......#.(...#########.......##.#.
P.....#..........................
.....#.....................#.....
.....#...#####P............##....
[........# ####.####.....###...
.........## ### #.....PP####
#.........# ####P.....#.


You could see a wolf spider and 3 redbacks.

Notes
Turn   | Place    | Note
-------+----------+-------------------------------------------
     0 | D:1      | theanonym the Mummy Summoner began the quest for the Orb.
     0 | D:1      | Reached XP level 1. HP: 13/13 MP: 4/4
    45 | D:1      | HP: 6/13 [leopard gecko (4)]
   264 | D:1      | HP: 6/13 [hobgoblin/club (7)]
   275 | D:1      | Reached skill level 3 in Spellcasting
   480 | D:1      | HP: 6/13 [hobgoblin/club (2)]
   489 | D:1      | HP: 4/13 [kobold/dagger (2)]
   489 | D:1      | Reached XP level 2. HP: 6/19 MP: 1/6
   495 | D:1      | Learned a level 2 spell: Call Imp
   941 | D:1      | HP: 9/19 [kobold/short sword (3)]
  1784 | D:2      | HP: 8/19 [kobold (2)]
  1788 | D:2      | Reached XP level 3. HP: 10/24 MP: 5/7
  1797 | D:2      | HP: 10/24 [rat (1)]
  1983 | D:2      | HP: 12/24 [frilled lizard (1)]
  2350 | D:2      | Found a faded altar of an unknown god.
  2370 | D:2      | Reached skill level 4 in Summonings
  2493 | D:2      | HP: 10/24 [hobgoblin/club (6)]
  2965 | D:2      | Noticed Robin
  3011 | D:2      | Killed Robin
  3011 | D:2      | Reached XP level 4. HP: 19/30 MP: 2/9
  3154 | D:2      | HP: 14/30 [worm (8)]
  3594 | D:2      | Learned a level 4 spell: Summon Ice Beast
  3673 | D:2      | Reached skill level 4 in Spellcasting
  3829 | D:2      | HP: 10/30 [orc/trident (7)]
  4304 | D:3      | Found a basalt altar of Yredelemnul.
  4305 | D:3      | Found a shattered altar of Ashenzari.
  4340 | D:3      | HP: 15/30 [leopard gecko (5)]
  4358 | D:3      | Reached skill level 1 in Ice Magic
  4520 | D:3      | Found a burning altar of Makhleb.
  4697 | D:3      | HP: 15/30 [quokka (2)]
  4951 | D:3      | Reached XP level 5. HP: 25/35 MP: 4/11
  5138 | D:3      | HP: 17/35 [worm (7)]
  5342 | D:3      | HP: 17/35 [worm (11)]
  5649 | D:3      | Found a radiant altar of Vehumet.
  5676 | D:3      | Became a worshipper of Vehumet
  6132 | D:4      | HP: 14/35 [iguana (11)]
  6342 | D:3      | HP: 14/35 [something/puff of flame (4)]
  6658 | D:3      | Reached skill level 2 in Ice Magic
  6800 | D:4      | HP: 17/35 [iguana (12)]
  6835 | D:4      | Learned a level 4 spell: Iskenderun's Mystic Blast
  7365 | D:4      | Reached skill level 1 in Conjurations
  7365 | D:4      | Reached XP level 6. HP: 37/41 MP: 8/12
  7996 | D:5      | Entered Level 5 of the Dungeon
  8115 | D:5      | Found a hazy altar of Hepliaklqana.
  8297 | D:5      | Reached skill level 2 in Conjurations
  8394 | D:5      | Noticed an ice beast
  8494 | D:5      | Killed an ice beast
  8713 | D:5      | HP: 15/41 [something (11)]
  8992 | D:5      | Reached skill level 3 in Conjurations
  9092 | D:5      | HP: 17/41 [centaur/arrow (8)]
  9285 | D:5      | Reached XP level 7. HP: 46/46 MP: 0/13
  9776 | D:5      | HP: 23/46 [phantom (6)]
  9788 | D:5      | Reached skill level 4 in Conjurations
 10043 | D:6      | HP: 16/46 [wight/enchanted scimitar (12)]
 10641 | D:5      | Reached skill level 5 in Conjurations
 10911 | D:6      | Reached * piety under Vehumet
 10911 | D:6      | Offered knowledge of Freeze by Vehumet.
 10984 | D:6      | Found an iron altar of Okawaru.
 11007 | D:6      | Found Esecsy's Food Shop.
 11084 | D:6      | HP: 22/46 [centaur/arrow (13)]
 11616 | D:6      | Reached XP level 8. HP: 43/52 MP: 2/14
 11660 | D:6      | HP: 24/52 [ice beast (7)]
 11676 | D:5      | HP: 23/52 [ice beast (3)]
 11683 | D:5      | Reached skill level 6 in Conjurations
 11901 | D:6      | Found a staircase to the Ecumenical Temple.
 11955 | D:6      | Noticed Menkaure
 11991 | D:6      | Killed Menkaure
 12121 | D:6      | Reached skill level 5 in Spellcasting
 12641 | D:7      | Learned a level 1 spell: Animate Skeleton
 13069 | D:7      | Reached skill level 6 in Spellcasting
 13069 | D:7      | Reached skill level 7 in Conjurations
 13069 | D:7      | HP: 26/52 [hog (4)]
 13739 | D:7      | Reached XP level 9. HP: 57/57 MP: 10/18
 13794 | D:7      | Learned a level 1 spell: Apportation
 14162 | D:7      | Reached skill level 8 in Conjurations
 14163 | D:7      | HP: 26/57 [hog (11)]
 14171 | D:7      | HP: 9/57 [hog (11)]
 14527 | D:7      | HP: 21/57 [hog (13)]
 14530 | D:7      | HP: 5/57 [hog (6)]
 14886 | D:7      | HP: 27/57 [hog (12)]
 14888 | D:7      | Reached skill level 7 in Spellcasting
 15150 | D:8      | Found Uqemmir's Magic Scroll Boutique.
 15173 | D:8      | Bought a scroll of summoning for 123 gold pieces
 15173 | D:8      | Bought a scroll of blinking for 97 gold pieces
 15173 | D:8      | Bought a scroll of fear for 45 gold pieces
 15173 | D:8      | Bought a scroll of enchant weapon for 97 gold pieces
 15180 | D:8      | Got a glittering marble ring
 15182 | D:8      | Identified the ring "Xeor" {Str+3 Int+9} (You found it on level 8 of the Dungeon)
 15851 | D:8      | Offered knowledge of Throw Frost by Vehumet.
 15920 | D:8      | Reached ** piety under Vehumet
 16291 | D:8      | Found a glowing silver altar of Zin.
 16570 | D:8      | Noticed a two-headed ogre
 16579 | D:8      | Killed a two-headed ogre
 16579 | D:8      | Reached skill level 8 in Spellcasting
 16579 | D:8      | Reached skill level 9 in Conjurations
 17241 | D:8      | Found a glowing silver altar of Zin.
 17379 | D:8      | Found Uqemmir's Magic Scroll Boutique.
 17415 | D:9      | Reached XP level 10. HP: 63/63 MP: 18/22
 17625 | D:9      | Reached skill level 9 in Spellcasting
 17875 | D:9      | Found a staircase to the Orcish Mines.
 18043 | D:9      | Reached skill level 1 in Fighting
 18043 | D:9      | Reached skill level 10 in Conjurations
 18198 | D:8      | Offered knowledge of Stone Arrow by Vehumet.
 18297 | D:8      | Learned a level 3 spell: Stone Arrow
 18439 | D:9      | Found a staircase to the Lair.
 18452 | D:9      | Reached skill level 2 in Fighting
 18509 | D:9      | Paralysed by a centaur for 5 turns
 18758 | D:9      | HP: 29/68 [orc warrior/mace (14)]
 19149 | D:10     | Entered Level 10 of the Dungeon
 19156 | D:10     | Reached skill level 3 in Fighting
 19221 | D:10     | Noticed a deep elf mage
 19228 | D:10     | Killed a deep elf mage
 19228 | D:10     | Reached skill level 10 in Spellcasting
 19868 | D:10     | Reached skill level 4 in Fighting
 20209 | D:10     | Reached skill level 1 in Earth Magic
 20557 | Orc:1    | Entered Level 1 of the Orcish Mines
 20601 | Orc:1    | Noticed Urug
 20601 | Orc:1    | Upgraded the game from 0.22-a0-412-g2b68d14 to 0.22-a0-414-gacd343e
 20738 | Orc:1    | Noticed Patate's ghost (journeyman TrBe)
 20751 | D:9      | Killed Urug
 20751 | D:9      | Reached skill level 2 in Earth Magic
 20878 | D:9      | Reached *** piety under Vehumet
 21018 | Lair:1   | Entered Level 1 of the Lair of Beasts
 21029 | Lair:1   | Reached skill level 5 in Fighting
 21153 | Lair:1   | Reached skill level 11 in Spellcasting
 21153 | Lair:1   | Reached XP level 11. HP: 65/80 MP: 6/26
 21163 | D:9      | HP: 35/80 [yak (8)]
 21169 | D:9      | HP: 25/80 [yak (10)]
 21181 | D:9      | HP: 12/80 [yak (16)]
 21616 | Lair:1   | Noticed an oklob plant
 21709 | Lair:1   | Reached skill level 3 in Earth Magic
 22630 | Lair:2   | Reached skill level 6 in Fighting
 22679 | Lair:2   | Noticed an oklob plant
 22679 | Lair:2   | Noticed an oklob plant
 23639 | Lair:2   | Noticed an oklob plant
 23683 | Lair:3   | Noticed an eight-headed hydra
 23788 | Lair:3   | Reached skill level 4 in Earth Magic
 23854 | Lair:3   | Offered knowledge of Conjure Flame by Vehumet.
 24190 | Lair:3   | Found a hole to the Spider Nest.
 24190 | Lair:3   | Noticed an orb spider
 24222 | Lair:3   | Killed an orb spider
 24222 | Lair:3   | Reached skill level 12 in Spellcasting
 24328 | Lair:3   | Noticed a five-headed hydra
 24336 | Lair:3   | Killed a five-headed hydra
 24336 | Lair:3   | Reached skill level 7 in Fighting
 24992 | Lair:3   | Killed an eight-headed hydra
 24992 | Lair:3   | Reached skill level 8 in Fighting
 25003 | Lair:3   | HP: 43/86 [bullfrog (2)]
 25369 | Lair:3   | Identified a scroll of acquirement
 25514 | Lair:3   | Reached skill level 13 in Spellcasting
 25730 | Lair:4   | Noticed a death yak
 25730 | Lair:4   | Noticed a death yak
 25730 | Lair:4   | Noticed a death yak
 25730 | Lair:4   | Noticed a death yak
 25730 | Lair:4   | Noticed a death yak
 25730 | Lair:4   | Noticed a death yak
 25743 | Lair:2   | Killed a death yak
 25743 | Lair:2   | Reached skill level 1 in Armour
 25743 | Lair:2   | Reached XP level 12. HP: 75/94 MP: 11/29
 25935 | Lair:3   | Killed a death yak
 25962 | Lair:3   | Killed a death yak
 25962 | Lair:3   | Reached skill level 2 in Armour
 26115 | Lair:3   | Found a hole to the Spider Nest.
 26596 | Lair:4   | Killed a death yak
 26596 | Lair:4   | Reached skill level 9 in Fighting
 26985 | Lair:4   | Reached **** piety under Vehumet
 26995 | Lair:4   | Killed a death yak
 26995 | Lair:4   | Reached skill level 3 in Armour
 27205 | Lair:4   | Noticed Kirke
 27255 | Lair:4   | Offered knowledge of Lee's Rapid Deconstruction by Vehumet.
 27312 | Lair:4   | Killed a death yak
 27338 | Lair:3   | HP: 44/96 [soldier ant (9)]
 27344 | Lair:3   | HP: 26/96 [soldier ant (10)]
 27644 | Lair:3   | Learned a level 5 spell: Lee's Rapid Deconstruction
 27661 | Lair:4   | Noticed an entropy weaver
 27667 | Lair:4   | Killed an entropy weaver
 27667 | Lair:4   | Reached skill level 14 in Spellcasting
 27787 | Lair:4   | Reached skill level 4 in Armour
 27884 | Lair:4   | Got a pair of translucent gloves
 27977 | Lair:3   | Identified the +2 pair of gloves of Chill Winds {rF+} (You found it on level 4 of the Lair of Beasts)
 28242 | Lair:4   | Found a staircase to the Shoals.
 28264 | Lair:4   | Noticed an entropy weaver
 28272 | Lair:4   | Killed an entropy weaver
 28272 | Lair:4   | Reached skill level 10 in Fighting
 28576 | Lair:3   | Killed Kirke
 28957 | Lair:4   | Noticed a queen ant
 28968 | Lair:4   | Reached skill level 5 in Armour
 28974 | Lair:4   | HP: 47/97 [queen ant (13)]
 28978 | Lair:4   | Killed a queen ant
 28978 | Lair:4   | Gained mutation: You are in touch with the powers of death. [Mummy growth]
 28978 | Lair:4   | Reached XP level 13. HP: 30/103 MP: 5/31
 29608 | Lair:5   | Reached skill level 2 in Dodging
 29746 | Lair:5   | Reached skill level 5 in Earth Magic
 30472 | Lair:5   | Reached skill level 3 in Dodging
 30493 | Lair:5   | Reached ***** piety under Vehumet
 30499 | Lair:5   | Reached skill level 15 in Spellcasting
 30990 | Lair:5   | Offered knowledge of Sticky Flame by Vehumet.
 31111 | Lair:4   | HP: 50/104 [death yak (11)]
 31119 | Lair:4   | HP: 52/104 [death yak (1)]
 31124 | Lair:5   | HP: 38/104 [death yak (9)]
 31687 | Lair:6   | Entered Level 6 of the Lair of Beasts
 31958 | Lair:6   | Found a labyrinth entrance.
 31967 | Lab      | Entered a labyrinth
 32263 | Lab      | Noticed a minotaur
 32270 | Lab      | HP: 40/105 [minotaur/poisoned javelin (26)]
 32617 | Lab      | HP: 41/105 [minotaur/poisoned javelin (16)]
 32623 | Lab      | HP: 35/105 [minotaur/poisoned javelin (7)]
 32683 | Lab      | HP: 17/105 [minotaur/fine battleaxe {venom} (27)]
 32736 | Lab      | Got a ripped robe
 33046 | Lair:6   | Identified the +1 robe of the Gravedigger {Regen+ Str+4} (You found it in a labyrinth)
 33104 | Lair:5   | Reached skill level 11 in Fighting
 33104 | Lair:5   | Reached skill level 4 in Dodging
 33168 | Lair:5   | Learned a level 4 spell: Sticky Flame
 33685 | Lair:6   | HP: 49/106 [death yak (22)]
 34482 | Lair:6   | Reached skill level 5 in Dodging
 35034 | Lair:6   | Found a staircase to the Slime Pits.
 35747 | Lair:6   | Reached skill level 16 in Spellcasting
 35945 | Lair:6   | Reached XP level 14. HP: 102/114 MP: 10/34
 36397 | Lair:6   | HP: 51/114 [hell hound/blast of flame (23)]
 36942 | Lair:5   | Reached skill level 12 in Fighting
 37008 | Lair:6   | Offered knowledge of Bolt of Draining by Vehumet.
 37728 | D:9      | Learned a level 6 spell: Poison Arrow
 37738 | D:9      | Learned a level 9 spell: Fire Storm
 37747 | D:9      | Learned a level 8 spell: Lehudib's Crystal Spear
 37799 | Orc:1    | HP: 54/115 [Patate's ghost (35)]
 37914 | Orc:1    | HP: 41/115 [Patate's ghost (41)]
 38093 | Spider:1 | Entered Level 1 of the Spider Nest
 38100 | Spider:1 | Reached skill level 1 in Poison Magic
 38293 | Spider:1 | HP: 57/115 [wolf spider (17)]
 38296 | Lair:3   | HP: 15/115 [redback (14)]
 38296 | Lair:3   | HP: 7/115 [redback (8)]
 38297 | Lair:3   | Slain by a redback

Vanquished Creatures
  Kirke (Lair:3)
  2 entropy weavers (Lair:4)
  4 hydras
  An alligator (Lair:6)
  14 death yaks
  A queen ant (Lair:4)
  A lindwurm (Lair:6)
  4 oklob plants
  A wolf spider (Spider:1)
  An orb spider (Lair:3)
  An elephant (Lair:4)
  4 black mambas
  A torpor snail (Lair:6)
  9 spiny frogs
  2 komodo dragons (Lair:3)
  A troll (D:9)
  2 jumping spiders (Spider:1)
  9 polar bears
  6 dream sheep (Lair:5)
  6 blink frogs
  A hippogriff (Lair:1)
  A tarantella (Spider:1)
  3 redbacks (Spider:1)
  A wyvern (D:10)
  A human (D:7)
  A hungry ghost (D:9)
  5 hogs
  26 yaks
  20 soldier ants
  6 wargs (Lair:6)
  13 hell hounds (Lair:6)
  14 water moccasins
  9 porcupines
  6 orc warriors
  10 black bears
  2 ice beasts
  A sky beast (D:8)
  2 ogres
  A phantom (D:5)
  21 wolves
  3 centaurs
  12 crocodiles
  10 bullfrogs
  A water moccasin zombie (D:6)
  A wyvern skeleton (D:8)
  4 scorpions
  A water moccasin skeleton (D:9)
  10 killer bees
  8 wights
  6 electric eels
  A howler monkey (D:6)
  4 crimson imps
  A quasit (D:6)
  9 orc priests
  2 jellies (D:8)
  3 orc wizards
  A bullfrog skeleton (D:5)
  25 worker ants
  2 iguanas
  A worker ant zombie (D:8)
  A hound skeleton (D:7)
  A howler monkey zombie (D:10)
  A gnoll (D:4)
  6 adders
  A shadow imp (D:8)
  An adder zombie (D:8)
  An ooze (D:2)
  An adder skeleton (D:6)
  A worm (D:3)
  3 leopard geckos
  37 orcs
  5 bats
  7 giant cockroaches
  6 hobgoblins
  2 kobolds
  5 quokkas
  A ball python (D:1)
  A frilled lizard (D:1)
  6 goblins
  A quokka skeleton (D:4)
  A quokka zombie (D:6)
  4 rats
  4 fungi
  3 plants
420 creatures vanquished.

Vanquished Creatures (collateral kills)
  A two-headed ogre (D:8)
  Urug (D:9)
  A deep elf mage (D:10)
  2 black mambas (Lair:6)
  A spiny frog (Lair:2)
  A yak (D:9)
  Menkaure (D:6)
  2 hell hounds (Lair:6)
  A sky beast (D:5)
  An ice beast (D:5)
  3 black bears
  An ogre (D:6)
  A phantom (D:5)
  4 centaurs
  2 crocodiles (Lair:3)
  2 bullfrogs
  A scorpion (D:7)
  A wight (D:6)
  A crimson imp (D:5)
  A bullfrog zombie (D:6)
  2 orc priests
  2 orc wizards
  3 iguanas
  A hound skeleton (D:4)
  Robin (D:2)
  7 gnolls
  An adder (D:2)
  A shadow imp (D:5)
  5 worms
  A dart slug (D:2)
  3 leopard geckos
  14 orcs
  9 goblins (D:2)
  9 hobgoblins
  2 bats
  2 frilled lizards
  7 kobolds
  A rat (D:2)
100 creatures vanquished.

Vanquished Creatures (others)
  A human (Lair:4)
  A hog (D:7)
  A worker ant (Lair:4)
  31 fungi
  46 plants
80 creatures vanquished.

Grand Total: 600 creatures vanquished

Table legend:
 A = Turns spent in this place as a percentage of turns spent in the entire game.
 B = Non-inter-level travel turns spent in this place as a percentage of non-inter-level travel turns spent in the entire game.
 C = Inter-level travel turns spent in this place as a percentage of turns spent in this place.
 D = Turns resting spent in this place as a percentage of non-inter-level travel turns spent in this place.
 E = Turns spent auto-exploring this place as a percentage of non-inter-level travel turns spent in this place.
 F = Non-inter-level travel turns spent in this place divided by the number of levels of this place that you've seen.
                   A       B       C       D       E      F
               +-------+-------+-------+-------+-------+----------------------
         Total | 100.0 | 100.0 |   6.2 |  57.5 |  26.3 | 1891.3
       Dungeon |  57.0 |  56.8 |   6.4 |  58.7 |  24.4 | 2042.6
          Lair |  40.7 |  40.8 |   6.1 |  56.6 |  30.4 | 2441.3
   Spider Nest |   0.1 |   0.1 |   0.0 |  20.0 |   0.0 |  25.0
  Orcish Mines |   0.2 |   0.2 |   0.0 |  63.1 |   0.0 |  65.0
     Labyrinth |   2.0 |   2.1 |   0.0 |  44.0 |   0.0 | 771.0
               +-------+-------+-------+-------+-------+----------------------
